 Dungeon Crawl Stone Soup version 0.17-b1-36-g7b1967c (webtiles) character file.

233 glosham the Ruffian (level 5, -7/53 HPs)
             Began as a Troll Monk on Nov 6, 2015.
             Mangled by a wyvern (17 damage)
             ... on level 6 of the Dungeon.
             The game lasted 00:21:04 (1012 turns).

glosham the Ruffian (Troll Monk)                    Turns: 1012, Time: 00:21:04

Health: -7/53      AC:  3    Str: 19    XL:     5   Next: 75%
Magic:  4/4        EV: 11    Int:  7    God:
Gold:   84         SH:  0    Dex: 12    Spells: 0 memorised, 4 levels left

rFire  . . .     SeeInvis .       - Unarmed
rCold  . . .     Clarity  .     a - +0 robe
rNeg   . . .     SustAt   .     (no shield)
rPois  .         Gourm    +     (helmet restricted)
rElec  .         Spirit   .     Y - +0 cloak
rCorr  .         Warding  .     (gloves unavailable)
rMut   .         Stasis   .     (boots unavailable)
MR     .....                    (no amulet)
Stlth  ++........               C - -3 ring of protection (curse)
                                A - ring of stealth

@: not resistant to hostile enchantments, unstealthy
A: unfitting armour, claws 3, fast metabolism 3, gourmand, regeneration 2,
shaggy fur 1, tough skin 2
a: no special abilities


You were on level 6 of the Dungeon.
You were completely stuffed.

You visited 1 branch of the dungeon, and saw 6 of its levels.

You collected 84 gold pieces.

Inventory:

Armour
 a - a +0 robe (worn)
 Y - a +0 cloak (worn)
Jewellery
 A - a ring of stealth (left claw)
 B - an uncursed ring of protection from fire
 C - a cursed -3 ring of protection (right claw)
Scrolls
 e - a scroll of recharging
Potions
 c - 2 potions of flight {unknown}
 d - 4 potions of curing
 j - a potion of agility {unknown}
 k - a potion of haste
 l - a potion of lignification {unknown}
Comestibles
 b - 3 bread rations
 f - 3 fruits
 g - a slice of pizza
 h - a meat ration
 i - a beef jerky


   Skills:
 + Level 3.5 Fighting
 + Level 3.3 Dodging
 - Level 1.1 Stealth
 * Level 5.6 Unarmed Combat


You had 4 spell levels left.
You didn't know any spells.

Dungeon Overview and Level Annotations

Branches:
Dungeon (6/15)
 Temple: D:4-7

Altars:
Kikubaaqudgha


Innate Abilities, Weirdness & Mutations

You are too large for most types of armour.
You have claws for hands.
Your metabolism is lightning-fast.
You like to eat raw meat.
You heal very quickly.
You are covered in fur (AC +1).
You have very tough skin (AC +2).


Message History

The giant newt bites you but does no damage.
You scratch the giant newt.
You kill the giant newt!
A giant newt comes into view.
The helpless giant newt fails to defend itself.
You claw the giant newt!
You kill the giant newt!
Found a stone staircase leading down.
There is a stone staircase leading down here.
You climb downwards.
A wyvern comes into view.
Found a scroll of identify and a dagger.
There is a stone staircase leading up here.
The helpless wyvern fails to defend itself.
You scratch the wyvern.
The wyvern is lightly wounded.
The wyvern bites you!
You scratch the wyvern but do no damage.
The wyvern is lightly wounded.
The wyvern bites you. x2
You barely miss the wyvern.
The wyvern is lightly wounded.
The wyvern misses you.
You claw the wyvern!
The wyvern is heavily wounded.
The wyvern bites you!
You barely miss the wyvern.
The wyvern is heavily wounded.
The wyvern bites you but does no damage.
The wyvern bites you!
Unknown command.
You claw the wyvern!
The wyvern is almost dead.
The wyvern barely misses you.
You barely miss the wyvern.
The wyvern is almost dead.
The wyvern bites you!
* * * LOW HITPOINT WARNING * * *
The wyvern bites you!
You die... ################ ..)..?l@<....... ################

You could see a wyvern.

Vanquished Creatures
  A scorpion (D:4)
  2 orc priests
  Robin (D:3)
  4 adders
  An ooze (D:3)
  2 worms
  A giant gecko (D:2)
  14 orcs
  5 hobgoblins
  A kobold (D:3)
  2 quokkas
  A ball python (D:3)
  3 bats
  5 giant newts
  13 goblins
  3 rats
59 creatures vanquished.

Notes
Turn   | Place    | Note
--------------------------------------------------------------
     0 | D:1      | glosham the Troll Monk began the quest for the Orb.
     0 | D:1      | Reached XP level 1. HP: 22/22 MP: 0/0
    94 | D:2      | Reached XP level 2. HP: 25/29 MP: 1/1
   120 | D:2      | Found an ancient bone altar of Kikubaaqudgha.
   355 | D:3      | Reached XP level 3. HP: 36/36 MP: 2/2
   410 | D:4      | Reached XP level 4. HP: 44/44 MP: 3/3
   426 | D:4      | Reached skill level 3 in Fighting
   453 | D:4      | Noticed a scorpion
   456 | D:4      | Killed a scorpion
   456 | D:4      | Reached skill level 3 in Dodging
   456 | D:4      | Reached skill level 5 in Unarmed Combat
   515 | D:4      | Reached XP level 5. HP: 49/53 MP: 4/4
   667 | D:3      | Noticed Robin
   713 | D:3      | Killed Robin
   918 | D:5      | Entered Level 5 of the Dungeon
  1004 | D:6      | Noticed a wyvern
  1012 | D:6      | Mangled by a wyvern

Action                   |  1- 3 |  4- 6 || total
-------------------------+-------+-------++-------
Melee: Unarmed           |    62 |    89 ||   151
  Use: Scroll            |     4 |     2 ||     6
 Stab: Sleeping          |     5 |     4 ||     9
       Distracted        |       |     2 ||     2
  Eat: Chunk             |     1 |    14 ||    15

Table legend:
 A = Turns spent in this place as a percentage of turns spent in the entire game.
 B = Non-inter-level travel turns spent in this place as a percentage of non-inter-level travel turns spent in the entire game.
 C = Inter-level travel turns spent in this place as a percentage of turns spent in this place.
 D = Turns resting spent in this place as a percentage of non-inter-level travel turns spent in this place.
 E = Turns spent auto-exploring this place as a percentage of non-inter-level travel turns spent in this place.
 F = Non-inter-level travel turns spent in this place divided by the number of levels of this place that you've seen.
                   A       B       C       D       E      F
               +-------+-------+-------+-------+-------+----------------------
         Total | 100.0 | 100.0 |   0.4 |   0.5 |   0.0 | 133.5
       Dungeon | 100.0 | 100.0 |   0.4 |   0.5 |   0.0 | 133.5
               +-------+-------+-------+-------+-------+----------------------

Table legend:
 A = Kills in this place as a percentage of kills in entire the game.
 B = Kills by you in this place as a percentage of kills by you in the entire game.
 C = Kills by friends in this place as a percentage of kills by friends in the entire game.
 D = Other kills in this place as a percentage of other kills in the entire game.
 E = Experience gained in this place as a percentage of experience gained in the entire game.
 F = Experience gained in this place divided by the number of levels of this place that you have seen.
                   A       B       C       D       E      F
               +-------+-------+-------+-------+-------+----------------------
         Total | 100.0 | 100.0 |  -nan |  -nan | 100.0 |  55.7
       Dungeon | 100.0 | 100.0 |  -nan |  -nan | 100.0 |  55.7
               +-------+-------+-------+-------+-------+----------------------

Vault maps used:
D:1:      minmay_arrival_radiant_lines, st_stairs_1, minmay_lizard_king
D:2:      kiku_gazebo_pond_becter, first_bread
D:3:      uniq_jessica, uniq_robin
D:4:      serial_shops, nicolae_shop_overgrown_old_shop, st_stairs_12,
          nicolae_dithmenos_shadow_blocks
D:5:      minmay_temple_entry_nine_rooms, uniq_sigmund
D:6:      kennysheep_small_spiral
